 Dungeon Crawl Stone Soup version 0.21.1-1-g345015f (webtiles) character file.

472070 Mgcat the Slayer (level 24, -16/172 HPs)
             Began as a Gargoyle Gladiator on Feb 13, 2018.
             Was the Champion of Ru.
             Killed from afar by a deep elf annihilator (64 damage)
             ... with a crystal spear
             ... led by an ironheart preserver
             ... on level 5 of the Vaults.
             The game lasted 02:46:50 (49271 turns).

Mgcat the Slayer (Gargoyle Gladiator)              Turns: 49271, Time: 02:46:51

Health: -16/172    AC: 55    Str: 35    XL:     24   Next: 69%
Magic:  12/14      EV: 16    Int: 17    God:    Ru [******]
Gold:   625        SH:  3    Dex: 25    Spells: 23/23 levels left

rFire    + + +     SeeInvis +   L - +2 battleaxe "Leneug" {protect, Fragile +Fly rF++}
rCold    . . .     Gourm    .   (shield currently unavailable)
rNeg     + + +     Faith    .   x - +1 plate armour "Nies" {*Drain rF+ rN++ MR+} (curse)
rPois    ∞         Spirit   .   T - +2 helmet
rElec    +         Reflect  +   s - scarf {rC+ rF+}
rCorr    .         Harm     .   l - +0 pair of gloves "Yvak" {*Corrode Regen+ Dex-3 Slay+5}
MR       +++..                  c - +2 pair of boots "Aghiupurei" {rN+ Regen+ MP-9 Int+3}
Stlth    ..........             F - amulet "Hatwaah" {Reflect Str+4 Slay+3 SH+3}
HPRegen  1.18/turn              r - ring "Geamail" {rElec MR+ Str+2 Int+3 Dex+4}
MPRegen  0.14/turn              v - ring of Cutihim {Fire Str+4 SInv}

@: mighty, agile, exhausted, protection aura, flying
A: big wings, negative energy resistance 1, electricity resistance, unbreathing,
petrification resistance, no potion heal 1, rot immunity, no stealth, inability
to use devices, hated by all, no ice magic, no summoning magic, no
transmutations magic, disrupted magic 1, unskilled 1, AC +18
}: 2/15 runes: barnacled, gossamer
a: Stop Flying, Draw Out Power, Power Leap, Apocalypse, Renounce Religion


You were on level 5 of the Vaults.
You worshipped Ru.
Ru was exalted by your worship.
You were completely stuffed.

You visited 9 branches of the dungeon, and saw 44 of its levels.
You visited the Abyss 1 time.
You visited 2 bazaars.
You also visited: Sewer, Ossuary and Wizlab.

You collected 5288 gold pieces.
You spent 4663 gold pieces at shops.

Inventory:

Hand Weapons
 b - a +5 war axe of draining
 L - the +2 battleaxe "Leneug" (weapon) {protect, Fragile +Fly rF++}
   (You found it on level 3 of the Lair of Beasts)

   It protects the one who uses it against injury (+AC on strike).
   It greatly protects you from fire.
   It lets you fly.
   It will be destroyed if unequipped.
Missiles
 d - 12 throwing nets {=f, !d}
 u - 23 curare-tipped needles
 M - 6 poisoned tomahawks
 O - 10 tomahawks of returning (quivered)
 U - 17 tomahawks
Armour
 c - the +2 pair of boots "Aghiupurei" (worn) {rN+ Regen+ MP-9 Int+3}
   (You acquired it on level 2 of the Orcish Mines)

   It affects your intelligence (+3).
   It protects you from negative energy.
   It affects your magic capacity (-9).
   It increases your rate of regeneration.
 g - a +2 cloak
   (You took it off a draconian stormcaller on level 5 of the Depths)
 l - the +0 pair of gloves "Yvak" (worn) {*Corrode Regen+ Dex-3 Slay+5}
   (You bought it in a shop in a bazaar)

   It affects your dexterity (-3).
   It affects your accuracy and damage with ranged weapons and melee attacks
   (+5).
   It increases your rate of regeneration.
   It may corrode you when you take damage.
 s - a scarf of resistance (worn)
   (You found it on level 1 of the Vaults)
 w - a +2 cloak
   (You took it off a draconian knight on level 5 of the Depths)
 x - the cursed +1 plate armour "Nies" (worn) {*Drain rF+ rN++ MR+}
   (You found it on level 3 of the Depths)

   It protects you from fire.
   It greatly protects you from negative energy.
   It affects your resistance to hostile enchantments.
   It causes draining when unequipped.
   It has a curse placed upon it.
 P - a +2 pair of boots of flying
   (You found it on level 4 of the Shoals)
 T - a +2 helmet (worn)
   (You found it on level 1 of the Shoals)
Jewellery
 r - the ring "Geamail" (left hand) {rElec MR+ Str+2 Int+3 Dex+4}
   (You bought it in a shop in a bazaar)

   [ring of intelligence]

   It affects your strength (+2).
   It affects your intelligence (+3).
   It affects your dexterity (+4).
   It insulates you from electricity.
   It affects your resistance to hostile enchantments.
 v - the ring of Cutihim (right hand) {Fire Str+4 SInv}
   (You bought it in a shop in a bazaar)

   [ring of fire]

   It enhances your fire magic.
   It affects your strength (+4).
   It protects you from fire.
   It makes you vulnerable to cold.
   It lets you see invisible.
 F - the amulet "Hatwaah" (around neck) {Reflect Str+4 Slay+3 SH+3}
   (You found it on level 2 of the Depths)

   [amulet of reflection]

   It shields you and reflects attacks.
   It affects your strength (+4).
   It affects your accuracy and damage with ranged weapons and melee attacks
   (+3).
   It affects your SH (+3).
Scrolls
 a - 2 scrolls of magic mapping {!r}
 h - 24 scrolls of identify
 i - 22 scrolls of teleportation
 j - 6 scrolls of blinking {!r}
 m - 7 scrolls of fog
 q - 7 scrolls of fear
 A - 4 scrolls of enchant weapon
 K - 11 scrolls of remove curse
 R - 4 scrolls of enchant armour
Potions
 e - 2 potions of resistance
 k - 14 potions of curing
 n - 7 potions of brilliance
 o - 8 potions of cancellation
 p - 2 potions of might
 t - 3 potions of berserk rage {!q}
 z - 9 potions of agility
 C - a potion of magic
 D - 6 potions of ambrosia
 E - 2 potions of haste
 I - 9 potions of invisibility
 N - a potion of mutation {!q}
 X - 2 potions of heal wounds
Miscellaneous
 G - a fan of gales
   (You found it on level 11 of the Dungeon)
Comestibles
 f - 53 rations


   Skills:
 + Level 23.8 Fighting
 + Level 20.9 Axes
 - Level 8.0 Throwing
 + Level 20.4 Armour
 - Level 2.1 Dodging


You had 23 spell levels left.
You didn't know any spells.

Dungeon Overview and Level Annotations

Branches:
Dungeon (15/15)            Temple (1/1) D:5            Lair (6/6) D:9
 Shoals (4/4) Lair:3       Spider (4/4) Lair:3        Slime (0/5) Lair:5
    Orc (2/2) D:11            Elf (2/3) Orc:2        Vaults (5/5) D:13
  Crypt (0/3) Vaults:3     Depths (5/5) D:15            Zot (0/5) Depths:5

Altars:
Ashenzari
Cheibriados
Dithmenos
Fedhas
Gozag
Kikubaaqudgha
Makhleb
Nemelex Xobeh
Okawaru
Qazlal
Ru
Trog
Wu Jian
Xom
Yredelemnul
Zin
Beogh

Shops:
D:5 :   D:8 *   D:14 *   Orc:2 [*:*[   Elf:2 [   Shoals:2 =   Vaults:1 }
Vaults:2 }%[(   Depths:3 !

Portals:
Hell: Depths:1 Depths:2 Depths:3 Depths:4 Depths:5
Abyss: Depths:3 Depths:4
Pandemonium: Orc:2 Depths:2 Depths:5
Ziggurat: Depths:5
Trove: Vaults:2 (show slimy rune of Zot)

Annotations:
D:11 exclusion: obsidian statue


Innate Abilities, Weirdness & Mutations

You are resistant to torment.
Your stone body is resilient. (AC +18)
You are immune to poison.
Your large and strong wings let you fly indefinitely.
You resist negative energy. (rN+)
You are resistant to electric shocks. (rElec)
You can survive without breathing.
You are immune to petrification.
Potions are less effective at restoring your health.
You are immune to rotting.
You cannot be stealthy.
You cannot study or use magical devices.
You are hated by all.
You cannot study or cast Ice magic.
You cannot study or cast Summoning magic.
You cannot study or cast Transmutations magic.
Your casting is slightly disrupted.
You are somewhat unskilled. (-1 Apt)


Message History

You are too injured to fight recklessly!
You are too injured to fight recklessly!
You closely miss the deep elf annihilator.
You hit the vault guard.
The deep elf annihilator gestures wildly while chanting.
The deep elf annihilator blinks!
A yaktaur captain comes into view.
It is wielding a short sword of protection.
The yaktaur captain shouts!
You slice the vault guard!!
The vault guard is severely wounded.
The vault guard blocks your attack.
You closely miss the vault guard.
The vault guard is severely wounded.
The vault guard blocks your attack.
The yaktaur captain unwields an uncursed short sword of protection.
The yaktaur captain wields an arbalest.
The yaktaur captain shoots a bolt.
The bolt hits you! The vault guard completely misses you.
You block the vault guard's attack.
You are too injured to fight recklessly!
You are too injured to fight recklessly!
You are too injured to fight recklessly!
You are too injured to fight recklessly!
You slice the vault guard like a ripe choko!!!
You kill the vault guard!
You slash the vault guard!
The deep elf annihilator gestures at you while chanting.
The poison arrow misses you.
The poison arrow hits the vault guard.
The vault guard looks as sick as possible!
You are too injured to fight recklessly!
You are too injured to fight recklessly!
You are too injured to fight recklessly!
You are too injured to fight recklessly!
You slice the vault guard!!
You kill the vault guard!
The yaktaur captain shoots a bolt.
The bolt hits you.
You are too injured to fight recklessly!
You are too injured to fight recklessly!
You are too injured to fight recklessly!
You slash the titan!
The titan is lightly wounded.
The deep elf annihilator points at you and mumbles some strange words.
The crystal spear hits you!
You hear a shout!
You are too injured to fight recklessly!
You slice the titan!!
The titan is moderately wounded.
The yaktaur captain shoots a bolt.
The bolt misses you.
The titan begins to cast a spell, but is stunned by your will!
You are too injured to fight recklessly!
You are too injured to fight recklessly!
You barely miss the titan.
The titan is moderately wounded.
You slice the deep elf annihilator!!
The titan is stunned by your will and fails to attack.
You are too injured to fight recklessly!
You are too injured to fight recklessly!
You are too injured to fight recklessly!
You closely miss the deep elf annihilator.
The deep elf annihilator is moderately wounded.
You slash the titan!
The deep elf annihilator begins to cast a spell, but is stunned by your will!
The yaktaur captain shoots a bolt.
The bolt hits you!
You are too injured to fight recklessly!
You are too injured to fight recklessly!
You slice the titan!!
The titan is severely wounded.
You slash the deep elf annihilator! The titan hits you but does no damage.
The deep elf annihilator is stunned by your will and fails to attack.
You are too injured to fight recklessly!
You are too injured to fight recklessly!
You are too injured to fight recklessly!
You're too exhausted to draw out your power.
You slice the titan!!
The titan is almost dead.
You slice the deep elf annihilator!!
The yaktaur captain shoots a bolt.
The bolt hits you but does no damage.
The titan gestures at you while chanting.
The bolt of lightning hits you! You resist.
A deep elf high priest comes into view. It is wielding an enchanted long sword.
Your system partially rejects the healing.
You feel much better.
The deep elf annihilator barely misses you.
The deep elf high priest utters an invocation to its god.
The deep elf high priest begins emitting a brilliant aura!
The titan is empowered by the deep elf high priest's aura!
The deep elf annihilator is empowered by the deep elf high priest's aura!
The titan hits you!!
* * * LOW HITPOINT WARNING * * *
You are too injured to fight recklessly!
You are too injured to fight recklessly!
Your system partially rejects the healing.
You feel much better.
The yaktaur captain is stunned by your will and fails to attack.
The deep elf high priest mumbles some strange prayers to its god against you.
Something smites you!
* * * LOW HITPOINT WARNING * * *
You focus your will and blind the deep elf high priest in retribution!
The deep elf annihilator gestures at you while chanting.
The crystal spear hits you!
You die...

....φ# ..c...# ......[##
........# %(...../##
#[.....$## ...# ..#
#?!..e..##...#....#
#.@))'....#....# ..##
###C####..#....#
.....###e# #.#....#
.......))#####.#....#
........)).##....)..##+
................p))p..#
#############..)....).##
.........<<..p..
.....))p<..<.)p.


You could see a titan, a yaktaur captain, a deep elf annihilator and a deep elf
high priest (blind).

Vanquished Creatures
  Mennas (Vaults:3)
  Saint Roka (Depths:2)
  Bai Suzhen (Depths:2)
  2 bone dragons (Depths:5)
  A golden dragon (Depths:5)
  Rupert (D:14)
  Jorgrun (Shoals:2)
  Asterion (Vaults:3)
  3 tentacled monstrosities
  A titan (Vaults:5)
  A lich (Depths:4)
  A quicksilver dragon (Abyss:2)
  Frances (D:13)
  Polyphemus (Shoals:2)
  7 sphinxes
  2 krakens
  Roxanne (Shoals:2)
  3 storm dragons
  A tengu reaver (Depths:4)
  Agnes (D:14)
  Ilsuiw (Shoals:4)
  11 vault wardens
  10 fire giants
  2 frost giants
  A draconian knight (Depths:5)
  An iron dragon (Depths:4)
  5 ghost moths
  2 balrugs
  Aizul (Shoals:2)
  Louise (Depths:3)
  A draconian stormcaller (Depths:5)
  A draconian shifter (Depths:5)
  An angel (Abyss:2)
  3 emperor scorpions (Spider:4)
  A war gargoyle (Vaults:5)
  21 stone giants
  15 very ugly things
  11 ironheart preservers
  4 vampire knights
  A deep elf demonologist (Depths:4)
  10 purple draconians
  4 entropy weavers
  A deep elf annihilator (Vaults:4)
  A green draconian (Depths:5)
  Nessos (Lair:5)
  2 spark wasps
  A yellow draconian (Depths:5)
  A white draconian (Depths:5)
  A deep elf death mage (Elf:1)
  A blizzard demon (Depths:1)
  9 statues (WizLab)
  The ghost of Zleub the Fighter, a journeyman MfSk of Gozag (Lair:2)
  A crystal guardian (Vaults:4)
  4 merfolk javelineers (Shoals:4)
  11 ettins
  9 fire dragons
  2 green deaths
  Josephine (Lair:5)
  Erolcha (Orc:1)
  3 merfolk impalers
  8 rakshasas
  8 great orbs of eyes
  12 yaktaur captains
  32 vault guards
  A spriggan air mage (Depths:3)
  3 alligator snapping turtles
  4 catoblepae
  9 ice dragons
  4 hydras
  A caustic shrike simulacrum (Depths:4)
  6 merfolk aquamancers (Shoals:4)
  A merfolk avatar (Shoals:4)
  12 ogre magi
  2 death knights
  42 two-headed ogres
  4 deep troll shamans
  The ghost of Apogee the Spear-Bearer, a novice MfSk of Okawaru (D:8)
  21 dancing weapons
  2 satyrs
  13 centaur warriors
  2 vampire magi
  4 deep troll earth magi (Depths:5)
  7 orc high priests
  4 tengu warriors
  5 spriggan berserkers
  A thrashing horror (Abyss:2)
  11 death yaks
  18 deep elf knights
  3 iron trolls (Depths:5)
  5 sun demons
  3 wretched stars (Abyss:2)
  2 fire crabs (shapeshifter)
  An infernal demonspawn (Depths:5)
  A sixfirhy (Orc:2)
  3 flayed ghosts
  A deep troll (shapeshifter) (Depths:2)
  3 skeletal warriors
  2 glowing orange brains
  5 unseen horrors
  A gelid demonspawn (Orc:2)
  11 sea snakes
  15 deep trolls
  A shadow demon (Depths:5)
  A torturous demonspawn (Orc:2)
  Pikel (D:7)
  13 deep elf archers
  3 wizards
  A lindwurm (Lair:6)
  19 orb spiders
  27 harpies
  5 phantasmal warriors
  6 necromancers
  17 ironbrand convokers
  4 sphinx zombies
  An oklob plant (Lair:2)
  A shadow dragon skeleton (Depths:2)
  15 orc knights
  27 wolf spiders
  A stone giant zombie (Depths:2)
  11 cyclopes
  62 ugly things
  25 manticores
  16 fauns
  65 deep elf magi
  7 orc sorcerers
  A moth of wrath (Spider:1)
  A faun (shapeshifter) (Depths:2)
  A sphinx skeleton (Depths:4)
  A salamander (D:15)
  An apocalypse crab (Abyss:2)
  A black mamba (shapeshifter) (Vaults:3)
  7 torpor snails
  An eye of devastation (shapeshifter) (Vaults:3)
  5 smoke demons
  8 elephants
  A guardian serpent (shapeshifter) (D:15)
  8 vault sentinels
  2 black mambas
  7 merfolk sirens
  3 water nymphs (Shoals:4)
  An eye of devastation (Abyss:2)
  5 spectral swamp worms (Depths:1)
  A spiny frog (shapeshifter) (Depths:4)
  5 spiny frogs
  A storm dragon simulacrum (Depths:1)
  5 komodo dragons
  3 yaktaurs (shapeshifter)
  9 demonic crawlers
  2 efreet
  5 rime drakes
  A tormentor (Depths:2)
  4 tengu conjurers
  55 yaktaurs
  A spark wasp simulacrum (Depths:2)
  5 ice devils
  An elf skeleton (Depths:4)
  A yaktaur skeleton (Vaults:1)
  5 freezing wraiths
  A red devil (Orc:2)
  A hellwing (Depths:5)
  A tengu simulacrum (Depths:4)
  35 jumping spiders
  A meliai (shapeshifter) (Vaults:2)
  2 polar bears (shapeshifter)
  A sphinx simulacrum (Vaults:1)
  5 trolls
  5 polar bears
  22 merfolk
  7 wind drakes
  25 blink frogs
  9 hippogriffs
  5 snapping turtles
  9 hornets
  2 raiju (shapeshifter)
  A fire giant simulacrum (Depths:2)
  9 raiju (Abyss:2)
  A dream sheep (shapeshifter) (Depths:2)
  13 dream sheep
  15 slime creatures
  A deep troll zombie (Depths:1)
  A hippogriff (shapeshifter) (Depths:2)
  Prince Ribbit (D:9)
  A meliai zombie (D:12)
  A stone giant simulacrum (Vaults:3)
  2 vampires
  69 redbacks
  4 flying skulls (Abyss:2)
  9 water elementals
  3 ynoxinuls
  7 air elementals
  4 fire bats (Depths:1)
  4 shadows
  29 tarantellas
  6 wraiths
  Sigmund (D:3)
  A deep troll skeleton (Depths:1)
  3 wyverns
  7 basilisks
  16 yaks
  2 fire elementals (Elf:1)
  2 chaos spawn
  A vampire mosquito (D:14)
  2 neqoxecs
  2 hungry ghosts
  A steam dragon (D:14)
  2 large abominations (Abyss:2)
  A yaktaur simulacrum (Vaults:3)
  Menkaure (Ossuary)
  A soldier ant (D:15)
  A warg (shapeshifter) (D:13)
  4 wargs
  11 water moccasins
  2 acid dragons
  16 porcupines
  A floating eye (Depths:3)
  Purgy (D:3)
  39 orc warriors
  4 sky beasts
  A hornet zombie (D:13)
  An ettin simulacrum (Depths:1)
  3 phantoms
  4 ice beasts
  8 black bears (Lair:2)
  An eye of draining (D:14)
  3 necrophages
  8 wolves
  An ogre (shapeshifter) (Depths:1)
  13 boggarts
  21 ogres
  20 centaurs
  9 crocodiles
  A big kobold (Sewer)
  16 bullfrogs
  Blork the orc (D:5)
  5 earth elementals
  An elf simulacrum (Vaults:1)
  3 scorpions
  A water moccasin zombie (D:8)
  3 killer bees (D:6)
  9 wights
  An electric eel (Lair:4)
  12 crimson imps
  A human simulacrum (Vaults:3)
  A quasit (Abyss:2)
  A bullfrog zombie (D:10)
  5 centaur zombies
  3 hounds
  3 small abominations (Abyss:2)
  22 orc priests
  A human zombie (Ossuary)
  5 centaur skeletons
  3 iguanas
  2 iron imps
  A hell rat (D:9)
  24 orc wizards
  4 worker ants
  A big kobold zombie (Ossuary)
  An ogre zombie (Ossuary)
  6 mummies (Ossuary)
  3 howler monkey zombies
  Robin (D:2)
  3 gnolls (Orc:2)
  4 river rats
  12 adders
  3 shadow imps
  8 white imps
  2 oozes
  5 adder zombies
  3 worms
  2 leopard geckos
  92 orcs
  5 ball pythons
  8 giant cockroaches
  A gnoll zombie (Ossuary)
  20 goblins
  9 hobgoblins
  9 jackals
  21 kobolds
  10 quokkas
  9 bats
  4 frilled lizards
  8 goblin zombies (Ossuary)
  3 hobgoblin zombies (Ossuary)
  A jackal zombie (D:5)
  4 kobold zombies (Ossuary)
  A leopard gecko skeleton (D:5)
  A quokka zombie (Ossuary)
  15 rats
  A rat zombie (Ossuary)
  8 fungi
  15 plants
  4 tentacles
1931 creatures vanquished.

Vanquished Creatures (others)
  A tengu reaver (Vaults:3)
  A caustic shrike zombie (Depths:2)
  An ironheart preserver (Vaults:3)
  A very ugly thing (Depths:2)
  A stone giant (Vaults:1)
  A purple draconian (WizLab)
  A spark wasp (Depths:4)
  An ettin (Vaults:4)
  A fire dragon (Depths:4)
  A merfolk impaler (Shoals:4)
  A great orb of eyes (Vaults:3)
  2 hydras
  A yaktaur captain (Depths:4)
  An ice dragon (Depths:4)
  A spriggan air mage (Depths:4)
  A catoblepas (Shoals:2)
  A deep troll earth mage (Depths:4)
  4 deep elf knights
  A phantasmal warrior (Depths:4)
  A deep elf archer (Elf:2)
  2 harpies
  A wolf spider (Spider:4)
  2 manticores
  A faun (Shoals:1)
  A vault sentinel (Vaults:3)
  A gargoyle (D:14)
  A spiny frog (Lair:3)
  A demonic crawler (Spider:3)
  A komodo dragon (Lair:1)
  11 yaktaurs
  A freezing wraith (D:15)
  A jumping spider (shapeshifter) (Depths:3)
  2 jumping spiders
  2 blink frogs (Lair:6)
  A hippogriff (Lair:6)
  A raiju (Abyss:2)
  3 redbacks
  2 tarantellas (Spider:1)
  A water elemental (Depths:1)
  A yak (Lair:3)
  An elf zombie (Depths:4)
  An orc warrior (Orc:2)
  A slave (D:7)
  An ogre (Depths:2)
  A boggart (Depths:2)
  A big kobold (D:7)
  A crocodile (Lair:2)
  An orc priest (Orc:2)
  A bullfrog skeleton (D:7)
  A shadow imp (D:7)
  3 orcs (Orc:2)
  2 kobolds (D:7)
  A fungus (Lair:2)
  47 plants
  9 tentacles
133 creatures vanquished.

Grand Total: 2064 creatures vanquished

Notes
Turn   | Place    | Note
-------+----------+-------------------------------------------
     0 | D:1      | Mgcat the Gargoyle Gladiator began the quest for the Orb.
     0 | D:1      | Reached XP level 1. HP: 12/12 MP: 1/1
   126 | D:1      | Reached skill level 3 in Axes
   126 | D:1      | Reached XP level 2. HP: 9/18 MP: 2/2
   296 | D:1      | Found a shimmering altar of Xom.
   553 | D:1      | Reached skill level 3 in Fighting
   692 | D:1      | Reached XP level 3. HP: 19/23 MP: 3/3
  1383 | D:2      | Reached XP level 4. HP: 20/28 MP: 4/4
  1578 | D:2      | Found a snail-covered altar of Cheibriados.
  1951 | D:2      | Noticed Robin
  1970 | D:2      | Killed Robin
  1970 | D:2      | Reached skill level 4 in Fighting
  1970 | D:2      | Reached skill level 4 in Axes
  2235 | D:3      | Reached XP level 5. HP: 32/33 MP: 5/5
  2329 | D:3      | Noticed Sigmund
  2334 | D:3      | Killed Sigmund
  2334 | D:3      | Reached skill level 5 in Fighting
  2334 | D:3      | Reached XP level 6. HP: 33/40 MP: 6/6
  2512 | D:3      | Noticed Purgy
  2689 | D:3      | Killed Purgy
  2689 | D:3      | Reached skill level 5 in Axes
  2992 | D:4      | Found a sand-covered staircase.
  3009 | D:4      | Reached skill level 6 in Fighting
  3009 | D:4      | Reached XP level 7. HP: 13/46 MP: 7/7
  3092 | Ossuary  | Entered an ossuary
  3653 | Ossuary  | Reached skill level 6 in Axes
  3658 | Ossuary  | Noticed Menkaure
  3668 | Ossuary  | Killed Menkaure
  3668 | Ossuary  | Reached skill level 7 in Fighting
  3668 | Ossuary  | Reached XP level 8. HP: 53/53 MP: 8/8
  4371 | D:4      | Reached skill level 8 in Fighting
  4371 | D:4      | Reached skill level 7 in Axes
  4540 | D:5      | Entered Level 5 of the Dungeon
  4590 | D:5      | Found a bloodstained altar of Trog.
  4748 | D:5      | Found Himufrasm's Book Shop.
  4787 | D:5      | Found a staircase to the Ecumenical Temple.
  4805 | Temple   | Entered the Ecumenical Temple
  4826 | Temple   | Became a worshipper of Ru the Awakened
  5138 | D:5      | Noticed Blork the orc
  5172 | D:5      | Killed Blork the orc
  5401 | D:6      | Got a pitted chain mail
  5412 | D:6      | Identified the cursed +0 chain mail of Untold Secrets {MR+} (You found it on level 6 of the Dungeon)
  5414 | D:6      | Found an ancient bone altar of Kikubaaqudgha.
  5426 | D:6      | Reached XP level 9. HP: 60/60 MP: 9/9
  5464 | D:6      | Reached skill level 9 in Fighting
  5519 | D:6      | Found a glowing drain.
  5523 | Sewer    | Entered a sewer
  5549 | Sewer    | Reached skill level 8 in Axes
  5677 | Sewer    | Gained mutation: You cannot study or cast Ice magic. [Ru sacrifice]
  5677 | Sewer    | Gained mutation: You cannot study or cast Transmutations magic. [Ru sacrifice]
  5677 | Sewer    | Gained mutation: You cannot study or cast Summoning magic. [Ru sacrifice]
  5677 | Sewer    | Reached * piety under Ru
  5880 | D:6      | Found a shadowy altar of Dithmenos.
  6026 | D:6      | Found a glowing silver altar of Zin.
  6094 | D:6      | Found an ornate altar of the Wu Jian Council.
  6094 | D:6      | Found a stormy altar of Qazlal.
  6506 | D:7      | Reached skill level 10 in Fighting
  6713 | D:7      | Noticed a two-headed ogre
  6819 | D:7      | Noticed Pikel
  6833 | D:7      | Killed Pikel
  6833 | D:7      | Reached skill level 9 in Axes
  6986 | D:7      | Found a shimmering altar of Xom.
  7249 | D:7      | You fall through a shaft for 2 floors!
  7341 | D:9      | Reached XP level 10. HP: 31/68 MP: 10/10
  7429 | D:9      | Noticed a two-headed ogre
  7430 | D:9      | Noticed a two-headed ogre
  7468 | D:9      | Killed a two-headed ogre
  7468 | D:9      | Reached skill level 11 in Fighting
  7632 | D:9      | Gained mutation: Potions are less effective at restoring your health. [Ru sacrifice]
  7632 | D:9      | Reached ** piety under Ru
  7639 | D:9      | Killed a two-headed ogre
  7639 | D:9      | Reached skill level 10 in Axes
  7710 | D:9      | Noticed a death yak
  7711 | D:9      | Found a staircase to the Lair.
  7712 | D:9      | Noticed a death yak
  7722 | D:9      | Noticed a death yak
  7739 | D:9      | HP: 11/70 [death yak (11)]
  7759 | D:9      | Noticed Prince Ribbit
  7772 | D:8      | HP: 5/70 [porcupine's spines (13)]
  7840 | D:8      | Noticed Apogee's ghost (novice MfSk)
  7911 | D:8      | Killed Apogee's ghost
  7911 | D:8      | Reached skill level 12 in Fighting
  8015 | D:8      | Found Gozag's Platinum Reserve.
  8035 | D:8      | Found an opulent altar of Gozag.
  8249 | D:8      | Reached XP level 11. HP: 70/76 MP: 11/11
  8625 | D:9      | Reached skill level 11 in Axes
  8674 | D:8      | HP: 12/76 [death yak (17)]
  8696 | D:8      | HP: 2/76 [death yak (17)]
  8834 | D:8      | Killed a death yak
  8980 | D:9      | Killed a death yak
  9090 | D:8      | HP: 14/77 [death yak (16)]
  9291 | D:8      | Killed a death yak
  9291 | D:8      | Reached skill level 13 in Fighting
  9411 | D:9      | Killed Prince Ribbit
  9484 | D:10     | Entered Level 10 of the Dungeon
  9949 | D:10     | Found a blossoming altar of Fedhas.
 10014 | D:10     | Gained mutation: You are somewhat unskilled. (-1 Apt) [Ru sacrifice]
 10014 | D:10     | Reduced skill Fighting to level 12
 10014 | D:10     | Reduced skill Axes to level 10
 10014 | D:10     | Reached *** piety under Ru
 10033 | D:10     | Got a serpentine silver ring
 10035 | D:10     | Identified the ring of Ynoipesi {*Tele rElec rPois MR- Str+4} (You found it on level 10 of the Dungeon)
 10252 | D:11     | Found a sacrificial altar of Ru.
 10270 | D:11     | Noticed an obsidian statue
 10345 | D:11     | Reached skill level 11 in Axes
 10458 | D:11     | Found a staircase to the Orcish Mines.
 11175 | Lair:1   | Entered Level 1 of the Lair of Beasts
 11457 | Lair:1   | Reached skill level 13 in Fighting
 11551 | Lair:1   | HP: 10/78 [komodo dragon (19)]
 11698 | Lair:1   | Reached XP level 12. HP: 66/84 MP: 12/12
 12227 | Lair:2   | Gained mutation: You cannot study or use magical devices. [Ru sacrifice]
 12227 | Lair:2   | Reached **** piety under Ru
 12227 | Lair:2   | Reached ***** piety under Ru
 12576 | Lair:2   | Noticed Zleub's ghost (journeyman MfSk)
 12652 | Lair:2   | Killed Zleub's ghost
 12652 | Lair:2   | Reached skill level 12 in Axes
 12837 | Lair:2   | Reached skill level 14 in Fighting
 12858 | Lair:2   | HP: 19/85 [elephant (9)]
 13223 | Lair:3   | Found a staircase to the Shoals.
 13286 | Lair:3   | HP: 19/86 [blink frog (7)]
 13389 | Lair:3   | Noticed a four-headed hydra
 13407 | Lair:3   | Killed a 15-headed hydra
 13492 | Lair:3   | Reached XP level 13. HP: 68/91 MP: 13/13
 13698 | Lair:3   | Reached skill level 13 in Axes
 13789 | Lair:3   | Reached skill level 15 in Fighting
 13804 | Lair:3   | Found a hole to the Spider Nest.
 13882 | Lair:3   | Got a pitted battleaxe
 13883 | Lair:3   | Identified the cursed +2 battleaxe "Leneug" {protect, Fragile +Fly rF++} (You found it on level 3 of the Lair of Beasts)
 13910 | Lair:3   | Found a frozen archway.
 14567 | Lair:4   | Reached skill level 1 in Armour
 14901 | Lair:4   | Reached skill level 2 in Armour
 15110 | Lair:4   | Reached skill level 3 in Armour
 15523 | Lair:5   | Noticed Nessos
 15541 | Lair:5   | Killed Nessos
 15600 | Lair:5   | Found a staircase to the Slime Pits.
 15711 | Lair:5   | Noticed Josephine
 15721 | Lair:5   | Reached skill level 4 in Armour
 15725 | Lair:5   | Killed Josephine
 16124 | Lair:5   | You fall through a shaft!
 16124 | Lair:6   | Entered Level 6 of the Lair of Beasts
 16517 | Lair:6   | Gained mutation: Your large and strong wings let you fly indefinitely. [Gargoyle growth]
 16517 | Lair:6   | Reached XP level 14. HP: 81/99 MP: 14/14
 16522 | Lair:6   | Reached skill level 5 in Armour
 17161 | Lair:6   | Reached skill level 16 in Fighting
 17171 | Lair:6   | Reached skill level 6 in Armour
 17286 | Lair:6   | Reached skill level 14 in Axes
 17317 | Lair:6   | Identified a scroll of acquirement
 17737 | Orc:1    | Entered Level 1 of the Orcish Mines
 17737 | Orc:1    | Noticed Erolcha
 17742 | Orc:1    | Killed Erolcha
 17821 | Orc:1    | Found a roughly hewn altar of Beogh.
 18028 | Orc:2    | Entered Level 2 of the Orcish Mines
 18148 | Orc:2    | Reached skill level 7 in Armour
 18217 | Orc:2    | Found a roughly hewn altar of Beogh.
 18358 | Orc:2    | Found Vekhlo Xairo's General Store.
 18407 | Orc:2    | Found Fozasm's General Store.
 18528 | Orc:2    | Found a staircase to the Elven Halls.
 18589 | Orc:2    | Found Norups's Armour Shop.
 18598 | Orc:2    | Gained mutation: You cannot be stealthy. [Ru sacrifice]
 18841 | Orc:2    | HP: 22/100 [orc knight/broad axe of chopping (4)]
 18856 | Orc:2    | HP: 21/100 [orc high priest/divine providence (15)]
 18985 | Orc:1    | HP: 16/100 [orc knight/long sword (31)]
 19408 | Orc:2    | Paralysed by an orc sorcerer for 3 turns
 19420 | Orc:2    | Reached skill level 8 in Armour
 19499 | Orc:2    | Reached XP level 15. HP: 105/105 MP: 15/15
 19559 | Orc:2    | Found Gubolist's Antique Armour Shop.
 19559 | Orc:2    | Found Xiorot's Book Boutique.
 19559 | Orc:2    | Found a one-way gate leading to the halls of Pandemonium.
 19566 | Orc:2    | Bought a shimmering scale mail for 306 gold pieces
 19576 | Orc:2    | Identified the +6 scale mail "Nidiq" {rC+} (You bought it in a shop on level 2 of the Orcish Mines)
 19701 | Orc:1    | Found a roughly hewn altar of Beogh.
 19704 | Orc:1    | Paralysed by an orc sorcerer for 5 turns
 20221 | D:12     | Found a shimmering altar of Xom.
 20881 | Shoals:1 | Entered Level 1 of the Shoals
 20899 | Shoals:1 | Gained mutation: You are hated by all. [Ru sacrifice]
 21037 | Shoals:1 | Reached skill level 9 in Armour
 21236 | Shoals:1 | Reached skill level 17 in Fighting
 21306 | Shoals:1 | Noticed a kraken
 21315 | Shoals:1 | Killed a kraken
 21340 | Shoals:1 | Got a polished chain mail
 21351 | Shoals:1 | Identified the cursed +0 chain mail of the Suburbs {rC- MR+ SInv} (You found it on level 1 of the Shoals)
 21961 | Shoals:2 | Reached skill level 15 in Axes
 22031 | Shoals:2 | Noticed Roxanne
 22070 | Shoals:2 | Killed Roxanne
 22070 | Shoals:2 | Reached skill level 10 in Armour
 22148 | Shoals:2 | Found Zewu's Jewellery Emporium.
 22210 | Shoals:2 | Bought the ring "Jack" {MP+9 AC+3 Int+7 Slay+2 Stlth+} for 946 gold pieces
 22232 | Shoals:2 | Noticed Aizul
 22273 | Shoals:2 | Killed Aizul
 22439 | Shoals:2 | Noticed Jorgrun
 22453 | Shoals:2 | Killed Jorgrun
 22464 | Shoals:2 | Noticed Polyphemus
 22479 | Shoals:2 | Killed Polyphemus
 22479 | Shoals:2 | Reached XP level 16. HP: 32/112 MP: 16/16
 23312 | Shoals:3 | HP: 22/114 [alligator snapping turtle (18)]
 23399 | Shoals:3 | Got a polished scale mail
 23410 | Shoals:3 | Identified the +6 scale mail of the Okapi {Int+3} (You found it on level 3 of the Shoals)
 23616 | Shoals:3 | Reached skill level 11 in Armour
 23948 | Shoals:4 | Entered Level 4 of the Shoals
 24294 | Shoals:4 | Reached skill level 18 in Fighting
 24530 | Shoals:4 | Noticed Ilsuiw
 24563 | Shoals:4 | HP: 27/114 [merfolk impaler/trident (6)]
 24588 | Shoals:4 | Killed Ilsuiw
 24617 | Shoals:4 | HP: 20/114 [merfolk/trident (21)]
 24620 | Shoals:4 | HP: 8/114 [merfolk/trident (15)]
 24620 | Shoals:4 | HP: 2/114 [merfolk impaler/trident of venom (6)]
 24651 | Shoals:4 | Noticed a kraken
 24659 | Shoals:4 | HP: 20/114 [kraken (21)]
 24661 | Shoals:4 | Killed a kraken
 24869 | Shoals:4 | Reached skill level 12 in Armour
 25008 | Shoals:4 | Reached skill level 16 in Axes
 25076 | Shoals:4 | Identified Syppofym's Volume of the Enchanting Birds
 25239 | Shoals:4 | Reached XP level 17. HP: 105/120 MP: 17/17
 25265 | Shoals:4 | Got a barnacled rune of Zot
 25627 | Spider:1 | Entered Level 1 of the Spider Nest
 25870 | Spider:1 | HP: 23/120 [disintegration (29)]
 26221 | Spider:1 | Got a polished ring mail
 26252 | Spider:1 | Identified the +4 ring mail of Wrong Decisions {+Inv rN+ Str-4 Stlth+} (You found it on level 1 of the Spider Nest)
 27210 | Spider:2 | You are sucked into a shaft!
 27319 | Spider:3 | Gained mutation: Your casting is slightly disrupted. [Ru sacrifice]
 27319 | Spider:3 | Reached ****** piety under Ru
 27584 | Spider:3 | Reached skill level 13 in Armour
 27869 | Spider:3 | Reached skill level 19 in Fighting
 28477 | Spider:4 | Entered Level 4 of the Spider Nest
 28904 | Spider:4 | HP: 17/122 [disintegration (49)]
 29141 | Spider:4 | Reached XP level 18. HP: 128/128 MP: 18/18
 29216 | Spider:4 | Reached skill level 2 in Throwing
 29661 | Spider:4 | Reached skill level 3 in Throwing
 29765 | Spider:4 | Got a gossamer rune of Zot
 30280 | Elf:1    | Entered Level 1 of the Elven Halls
 30494 | Elf:1    | Reached skill level 14 in Armour
 30911 | Elf:1    | Reached skill level 17 in Axes
 31193 | Elf:2    | Reached skill level 4 in Throwing
 31358 | Elf:2    | Found a magical portal.
 31363 | WizLab   | Entered Iskenderun's Mystic Tower
 31866 | WizLab   | Reached skill level 5 in Throwing
 32021 | WizLab   | HP: 31/129 [disintegration (17)]
 32235 | WizLab   | Reached XP level 19. HP: 57/134 MP: 19/19
 32422 | WizLab   | Identified Iskenderun's Guide on Battle Magic
 32422 | WizLab   | Identified Iskenderun's Guide on Combat Magic
 32442 | WizLab   | Identified the Collected Works on Supportive Snow
 32570 | Elf:2    | Found Ynuilo's Armour Emporium.
 32583 | Elf:2    | Reached skill level 20 in Fighting
 32808 | Elf:2    | Found a runed gate.
 32812 | Elf:2    | Found a runed gate.
 32812 | Elf:2    | Found a runed gate.
 33178 | Elf:2    | Reached skill level 6 in Throwing
 33358 | Elf:2    | Reached skill level 15 in Armour
 33450 | Elf:2    | Cast into level 2 of the Abyss (eveningstar of distortion)
 33847 | Elf:2    | Escaped the Abyss
 34442 | D:13     | Found a gate to the Vaults.
 34599 | D:13     | Noticed Frances
 34625 | D:13     | Killed Frances
 34625 | D:13     | Reached skill level 7 in Throwing
 35038 | D:14     | Noticed Rupert
 35066 | D:14     | Killed Rupert
 35126 | D:14     | Found Duedynof's Assorted Antiques.
 35420 | D:14     | Noticed Agnes
 35432 | D:14     | Killed Agnes
 35475 | D:14     | Reached XP level 20. HP: 137/142 MP: 20/20
 35577 | D:14     | Got a jasper-encrusted chain mail
 35588 | D:14     | Identified the +5 chain mail of a sewer {rPois Int+2} (You found it on level 14 of the Dungeon)
 35825 | D:15     | Entered Level 15 of the Dungeon
 35894 | D:15     | Found a blossoming altar of Fedhas.
 36365 | D:15     | Found a staircase to the Depths.
 37013 | Vaults:1 | Entered Level 1 of the Vaults
 37194 | Vaults:1 | Reached skill level 18 in Axes
 37272 | Vaults:1 | Found Soarghia's Gadget Emporium.
 37400 | Vaults:1 | Reached skill level 8 in Throwing
 37698 | Vaults:1 | Reached skill level 16 in Armour
 38146 | Vaults:1 | Reached skill level 21 in Fighting
 38485 | Vaults:2 | Found a portal to a secret trove of treasure.
 38497 | Vaults:2 | Found Xostraoh's Weapon Emporium.
 38547 | Vaults:2 | Found Wyfeela's Armour Boutique.
 38586 | Vaults:2 | Found Hadgha Xuiz's Gadget Shoppe.
 38621 | Vaults:2 | Found a flickering gateway to a bazaar.
 38650 | Bazaar   | Entered a bazaar
 38670 | Bazaar   | Found Bier's Assorted Antiques.
 38670 | Bazaar   | Found Gebytedu's Distillery.
 38691 | Bazaar   | Found Icvioxt's Antique Armour Emporium.
 38691 | Bazaar   | Found Emicauh's Weapon Shoppe.
 38701 | Bazaar   | Bought a pair of jewelled gloves for 142 gold pieces
 38701 | Bazaar   | Bought a slimy plate armour for 420 gold pieces
 38759 | Bazaar   | Identified the cursed +1 plate armour of the Cast Vote {rC+ rN+ Int+6} (You bought it in a shop in a bazaar)
 38769 | Bazaar   | Identified the +0 pair of gloves "Yvak" {*Corrode Regen+ Dex-3 Slay+5} (You bought it in a shop in a bazaar)
 38855 | Vaults:2 | Reached XP level 21. HP: 140/148 MP: 21/21
 39291 | Vaults:2 | Found Rewk's Food Shop.
 40003 | Vaults:3 | Reached skill level 17 in Armour
 40106 | Vaults:3 | Noticed Asterion
 40131 | Vaults:3 | Killed Asterion
 40390 | Vaults:3 | Got a pitted chain mail
 40615 | Vaults:3 | Reached skill level 19 in Axes
 40639 | Vaults:3 | Identified the +2 chain mail "Senyr" {rPois rC++} (You took it off a vault warden on level 3 of the Vaults)
 40654 | Vaults:3 | Found a staircase to the Crypt.
 40798 | Vaults:3 | Noticed Mennas
 40853 | Vaults:3 | Killed Mennas
 41224 | Vaults:4 | Reached XP level 22. HP: 131/156 MP: 22/22
 41481 | Vaults:4 | Found a flickering gateway to a bazaar.
 41508 | Bazaar   | Entered a bazaar
 41520 | Bazaar   | Found Caxadgh's Jewellery Shop.
 41542 | Bazaar   | Found Oddiugur's Weapon Shop.
 41555 | Bazaar   | Found Ezajaowk's Magic Scroll Shop.
 41560 | Bazaar   | Bought a scroll of magic mapping for 35 gold pieces
 41572 | Bazaar   | Found Gattis's Gadget Boutique.
 41624 | Bazaar   | Bought a +3 amulet of reflection for 266 gold pieces
 41624 | Bazaar   | Bought the ring "Geamail" {rElec MR+ Str+2 Int+3 Dex+4} for 814 gold pieces
 41624 | Bazaar   | Bought the ring of Cutihim {Fire Str+4 SInv} for 758 gold pieces
 41782 | Vaults:4 | Reached skill level 22 in Fighting
 42113 | Vaults:4 | Reached skill level 18 in Armour
 42839 | Depths:1 | Entered Level 1 of the Depths
 43105 | Depths:1 | Found a gateway to Hell.
 43876 | Depths:2 | Found an iron altar of Okawaru.
 44013 | Depths:2 | Reached XP level 23. HP: 164/164 MP: 23/23
 44098 | Depths:2 | Noticed Saint Roka
 44112 | Depths:2 | Killed Saint Roka
 44671 | Depths:2 | Noticed Bai Suzhen
 44710 | Depths:2 | Killed Bai Suzhen
 44721 | Depths:2 | Reached skill level 19 in Armour
 44902 | Depths:2 | Got a shimmering diamond amulet
 44903 | Depths:2 | Identified the amulet "Hatwaah" {Reflect Str+4 Slay+3 SH+3} (You found it on level 2 of the Depths)
 45026 | Depths:2 | Reached skill level 20 in Axes
 45561 | Depths:3 | Found a one-way gate to the infinite horrors of the Abyss.
 45561 | Depths:3 | Noticed Louise
 45582 | Depths:3 | Killed Louise
 45587 | Depths:3 | Got a spiked plate armour
 45603 | Depths:3 | Identified the cursed +1 plate armour "Nies" {*Drain rF+ rN++ MR+} (You found it on level 3 of the Depths)
 45712 | Depths:3 | Found Uptossec's Distillery.
 45728 | Depths:3 | Bought a potion of haste for 150 gold pieces
 45728 | Depths:3 | Bought a potion of heal wounds for 75 gold pieces
 45728 | Depths:3 | Bought a potion of heal wounds for 75 gold pieces
 45797 | Depths:3 | Got a distressingly furry chain mail
 45798 | Depths:3 | Identified the +8 chain mail "Ixialluu" {*Corrode +Blink rF+ Str+4} (You found it on level 3 of the Depths)
 46111 | Depths:3 | Reached skill level 23 in Fighting
 46226 | Depths:3 | Noticed Mara
 46854 | Orc:2    | Bought a scroll of acquirement for 676 gold pieces
 46855 | Orc:2    | Got a pair of polished boots
 46866 | Orc:2    | Identified the +2 pair of boots "Aghiupurei" {rN+ Regen+ MP-9 Int+3} (You acquired it on level 2 of the Orcish Mines)
 47789 | Depths:5 | Entered Level 5 of the Depths
 47929 | Depths:5 | Found a gateway to a ziggurat.
 48115 | Depths:5 | Reached XP level 24. HP: 136/171 MP: 14/23
 48548 | Depths:5 | Reached skill level 20 in Armour
 48593 | Depths:5 | Found a gate to the Realm of Zot.
 49198 | Vaults:5 | Entered Level 5 of the Vaults
 49271 | Vaults:5 | Killed from afar by a deep elf annihilator

Skill      XL: |  1  2  3  4  5  6  7  8  9 10 11 12 13 14 15 16 17 18 19 20 21 22 23 24 |
---------------+-------------------------------------------------------------------------+-----
Axes           | 3 4 5 6 7 9 10 11 12 13 14 15 16 17 18 19 20 | 20.9
Fighting       | 3 4 5 6 7 8 10 12 13 14 15 16 17 18 19 20 21 22 23 | 23.8
Armour         | 4 8 10 12 13 14 15 16 17 18 19 20 | 20.4
Throwing       | 5 7 8 |  8.0
Dodging        | |  2.1

Action                   |  1- 3 |  4- 6 |  7- 9 | 10-12 | 13-15 | 16-18 | 19-21 | 22-24 || total
-------------------------+-------+-------+-------+-------+-------+-------+-------+-------++-------
Melee: War axe           |   127 |   145 |   523 |  1045 |    62 |       |       |       ||  1902
       Battleaxe         |       |       |       |       |  1161 |  1645 |  1758 |  1386 ||  5950
Throw: Tomahawk          |       |       |       |       |     2 |    30 |    13 |       ||    45
Invok: Sacrifice Arcana  |       |       |     1 |       |       |       |       |       ||     1
       Sacrifice Purity  |       |       |       |     1 |       |       |       |       ||     1
       Sacrifice Skill   |       |       |       |     1 |       |       |       |       ||     1
       Draw Out Power    |       |       |       |     4 |     5 |    18 |    12 |    15 ||    54
       Apocalypse        |       |       |       |     1 |     4 |     2 |     5 |     2 ||    14
       Sacrifice Artific |       |       |       |     1 |       |       |       |       ||     1
       Reject Sacrifices |       |       |       |       |     2 |       |       |       ||     2
       Sacrifice Stealth |       |       |       |       |     1 |       |       |       ||     1
       Sacrifice Love    |       |       |       |       |     1 |       |       |       ||     1
       Sacrifice Essence |       |       |       |       |       |     1 |       |       ||     1
 Abil: Fly               |       |       |       |       |     1 |       |       |       ||     1
  Use: Scroll            |       |    11 |     2 |    10 |     2 |    18 |    15 |    10 ||    68
       Potion            |       |     1 |     5 |    13 |     3 |     8 |     4 |     5 ||    39
 Stab: Sleeping          |     1 |     2 |    12 |       |       |       |       |       ||    15
       Distracted        |       |       |     2 |     5 |    11 |    13 |    13 |     7 ||    51
       Invisible         |       |       |       |     7 |    11 |    31 |    16 |    16 ||    81
       Paralysed         |       |       |       |     8 |     9 |    13 |    13 |     6 ||    49
       Petrified         |       |       |       |       |    12 |       |       |       ||    12
       Petrifying        |       |       |       |       |     3 |       |       |       ||     3
       Confused          |       |       |       |       |       |     1 |       |       ||     1
  Eat: Chunk             |     1 |     6 |     9 |    16 |    31 |    23 |    32 |    10 ||   128
       Ration            |       |       |     2 |     2 |       |     3 |       |     8 ||    15
Armor: Leather armour    |    54 |    76 |    86 |       |       |       |       |       ||   216
       Skin              |       |       |     6 |       |       |       |       |       ||     6
       Scale mail        |       |       |     7 |       |   190 |   361 |   193 |       ||   751
       Chain mail        |       |       |   195 |   715 |   751 |  1188 |   689 |       ||  3538
       Plate armour      |       |       |       |       |       |       |   457 |  1033 ||  1490
Dodge: Dodged            |    92 |   112 |   255 |   331 |   554 |   781 |   568 |   473 ||  3166
Block: Other             |       |       |       |       |       |       |       |    54 ||    54
       Reflection        |       |       |       |       |       |       |       |     6 ||     6

Vault maps used:
D:1:      lightli_arrival_farm, kennysheep_flooded_box
D:2:      old_standard_altar, uniq_robin
D:3:      first_ration, uniq_sigmund, uniq_purgy
D:4:      enter_ossuary_3
D:5:      overflow_temple_1_default, minmay_temple_entry_statues_fountains,
          serial_shops, nicolae_shop_crystal, minmay_fountain_box, uniq_grinder,
          uniq_blork_the_orc
D:6:      nicolae_dithmenos_shadow_blocks, kiku_gazebo_garden_becter,
          gammafunk_temple_overflow_pools, basic_altar,
          lightli_sewer_entry_pipes, grunt_ministairs_5
D:7:      regret_index_temple_of_mockery, grunt_livestock, xom_teletrap_fun,
          uniq_pikel
D:8:      nicolae_gozag_zags_fifth_avenue
D:9:      dpeg_lair_monsters, minmay_gold_behind_fungi, uniq_prince_ribbit1
D:10:     basic_altar
D:11:     orc_0_dummy, basic_altar, minmay_statue_bubble
D:12:     basic_altar, eino_tiny_chamber, lightli_corner_chamber
D:13:     minmay_distorted_concentric_squares, david_vaults_2, uniq_frances
D:14:     serial_bayou_pond_d, serial_shops, shop_coins,
          minmay_hollow_rounded_squares, uniq_rupert, uniq_agnes
D:15:     hangedman_depths_entry_try_elsewhere_first, basic_altar,
          grunt_decor_resistance
Temple:   dshaligram_water_room_temple
Lair:1:   st_stairs_10, beast_lair_carwin_5
Lair:2:   beast_lair_carwin_large_3, minmay_lair_oklob_items
Lair:3:   elwin_shoals_entry_rocks, spider_nest_entry_a,
          portal_ice_cave_entry_pillars_2
Lair:4:   serial_bayou_shore_a
Lair:5:   dpeg_slime_entry_corner, uniq_nessos, uniq_josephine
Lair:6:   hangedman_lair_in_review, serial_forest, infiniplex_forest_clump_long,
          infiniplex_forest_clump_cross, infiniplex_forest_clump_double,
          infiniplex_forest_lined_room_2
Shoals:2: serial_shops, nicolae_shop_statue_plus, yaktaur_hedge, uniq_roxanne,
          uniq_jorgrun, uniq_polyphemus, uniq_aizul
Shoals:3: cheibrodos_shoals_oceanic_diplomacy, centaur_isle
Shoals:4: shoals_end_simple, shoal_ilsuiw
Spider:4: grunt_spider_rune_parallel
Orc:1:    basic_altar, kennysheep_orc_chapel, uniq_erolcha
Orc:2:    pf_orc_diabolical, serial_shops, shop, mines2_david
Elf:1:    evilmike_minifort
Elf:2:    mu_enter_wizlab_7, serial_shops, shop, elves_outpost_lemuel
Vaults:1: vaults_mumra_chevron, hangedman_vaults_restitches, grunt_vaults_swirl,
          nicolae_vaults_theta, nicolae_vaults_specimen_jars,
          nicolae_vaults_network_quinsquares, vaults_room_ringed_pool,
          vaults_mumra_hex, ontoclasm_vaults_loading_screen,
          nicolae_vaults_asterisk, v_misc_9, vaults_room_fancy_cross,
          nicolae_vaults_alarming, serial_shops, shop_statue
Vaults:2: vaults_room_semicircle, nicolae_vaults_asterisk, grunt_vaults_bifocal,
          nicolae_vaults_network_s, nicolae_vaults_angled_halls,
          dpeg_vaults_monster_row, nicolae_vaults_border_crossing, v_pattern_5,
          ontoclasm_vaults_chip, nicolae_vaults_asterisk, grunt_vaults_twisty,
          nicolae_vaults_little_squares_3, v_misc_8, serial_shops, freezing_bzr,
          shop, nicolae_shop_trees, shop, shop, nicolae_trove_entry_crossroad
Vaults:3: vaults_room_fours, v_misc_2, nicolae_vaults_twisting_passages,
          minmay_crypt_entry_simple_statues, v_alt_pattern_6,
          hangedman_vaults_corner_blocks,
          vaults_standard_mumra_enter_the_diamond, st_octagons_2,
          vaults_dpeg_hooks, grunt_vaults_hallway_long,
          hangedman_vaults_capsules, vaults_room_hallway, uniq_mennas,
          uniq_asterion
Vaults:4: st_spiral_rooms, nicolae_vaults_ring_of_whatevers,
          nicolae_vaults_gold_heap, vaults_standard_mumra_enter_the_diamond,
          nicolae_vaults_theta, ontoclasm_vaults_twist, serial_shops,
          bzr_entry_water
Vaults:5: serial_shops
Depths:1: pf_hell_entry_tar_river, kennysheep_cross_bottleneck,
          kennysheep_crisscross, serial_bayou_lagoon_a, grunt_ministairs_10,
          minmay_fire_ice_demons
Depths:2: minmay_split_circle, okawaru_ov_weapons_minmay,
          rand_demon_pan_entry_1, hell_entry, uniq_saint_roka, uniq_bai_suzhen
Depths:3: evilmike_silver_temple, pan_entry, solitary_fountain,
          lightli_too_deep, nicolae_abyss_entry_one_way_or_another,
          serial_shops, nicolae_shop_trees, nicolae_two_hexagons,
          minmay_misc_feat_room, infiniplex_staircase_zigzag_4, uniq_mara
Depths:4: grunt_deathspiral_large, abyss_entry, hangedman_coc_ice_floe,
          dk_noncrumbling_3, minmay_crystal_room,
          infiniplex_staircase_split_hallway
Depths:5: grunt_zot_entry_bicorn, enter_ziggurat_b, grunt_hell_entry_dis_mu,
          serial_glass, glass_columns_b, glass_columns_a, hex_medium,
          rand_demon_pan_entry_7, serial_sigils_hangedman_quiver,
          hangedman_decor_growths
Bazaar:   bazaar_long_row, bazaar_jpeg_honeycomb
Sewer:    kennysheep_pipe_town
Ossuary:  ossuary_boxes_badplayer
WizLab:   wizlab_iskenderun

Table legend:
 A = Turns spent in this place as a percentage of turns spent in the entire game.
 B = Non-inter-level travel turns spent in this place as a percentage of non-inter-level travel turns spent in the entire game.
 C = Inter-level travel turns spent in this place as a percentage of turns spent in this place.
 D = Turns resting spent in this place as a percentage of non-inter-level travel turns spent in this place.
 E = Turns spent auto-exploring this place as a percentage of non-inter-level travel turns spent in this place.
 F = Non-inter-level travel turns spent in this place divided by the number of levels of this place that you've seen.
                   A       B       C       D       E      F
               +-------+-------+-------+-------+-------+----------------------
         Total | 100.0 | 100.0 |   7.0 |   2.7 |  65.5 | 916.4
       Dungeon |  29.2 |  28.9 |   8.1 |   0.2 |  72.4 | 882.3
        Temple |   0.1 |   0.1 |   0.0 |   0.0 |  36.8 |  38.0
          Lair |  13.5 |  13.5 |   6.7 |   1.0 |  75.1 | 1033.7
        Shoals |   9.8 |   9.9 |   6.0 |   7.7 |  57.0 | 1130.2
   Spider Nest |   8.7 |   9.1 |   3.0 |   3.2 |  63.6 | 1042.5
  Orcish Mines |   5.1 |   4.7 |  15.4 |  12.1 |  49.7 | 1072.5
   Elven Halls |   4.5 |   4.5 |   7.6 |   0.8 |  65.5 | 1024.0
        Vaults |  11.6 |  11.5 |   7.7 |   2.6 |  58.4 | 1057.8
        Depths |  11.9 |  11.8 |   7.3 |   0.0 |  67.3 | 1085.0
         Abyss |   0.8 |   0.9 |   0.0 |   0.0 |  44.1 | 397.0
        Bazaar |   0.5 |   0.5 |   0.0 |   0.0 |  82.1 | 125.5
         Sewer |   0.5 |   0.6 |   0.0 |   0.0 |  60.3 | 257.0
       Ossuary |   1.4 |   1.6 |   0.0 |   8.7 |  56.2 | 712.0
        Wizlab |   2.3 |   2.5 |   0.0 |  18.7 |  37.8 | 1131.0
               +-------+-------+-------+-------+-------+----------------------

Table legend:
 A = Kills in this place as a percentage of kills in entire the game.
 B = Kills by you in this place as a percentage of kills by you in the entire game.
 C = Kills by friends in this place as a percentage of kills by friends in the entire game.
 D = Other kills in this place as a percentage of other kills in the entire game.
 E = Experience gained in this place as a percentage of experience gained in the entire game.
 F = Experience gained in this place divided by the number of levels of this place that you have seen.
                   A       B       C       D       E      F
               +-------+-------+-------+-------+-------+----------------------
         Total | 100.0 | 100.0 |   N/A | 100.0 | 100.0 | 18453.5
       Dungeon |  18.8 |  19.1 |   N/A |   7.7 |   7.3 | 4511.5
          Lair |   8.7 |   8.6 |   N/A |  15.4 |   5.7 | 8703.3
        Shoals |   8.5 |   8.4 |   N/A |  11.5 |  10.1 | 23203.5
   Spider Nest |  10.6 |  10.5 |   N/A |  15.4 |   8.5 | 19618.8
  Orcish Mines |   6.2 |   6.4 |   N/A |   1.9 |   2.5 | 11308.0
   Elven Halls |   4.8 |   4.7 |   N/A |   7.7 |   6.2 | 28758.0
        Vaults |  19.4 |  19.4 |   N/A |  17.3 |  28.2 | 52030.6
        Depths |  16.0 |  15.9 |   N/A |  19.2 |  26.3 | 48480.0
         Abyss |   1.9 |   1.9 |   N/A |   1.9 |   1.7 | 15496.0
         Sewer |   1.2 |   1.3 |   N/A |   0.0 |   0.0 | 132.0
       Ossuary |   1.8 |   1.9 |   N/A |   0.0 |   0.1 | 594.0
        Wizlab |   1.9 |   1.9 |   N/A |   1.9 |   3.5 | 32589.0
               +-------+-------+-------+-------+-------+----------------------
